 Dungeon Crawl Stone Soup version 0.25-a0-316-gd28d56f9c5 (webtiles) character file.

Game seed: 4493993445155218305, levelgen mode: deterministic

1572 Morrissey the Spear-Bearer (level 8, 0/73 HPs)
             Began as a Minotaur Berserker on Dec 25, 2019.
             Was a Priest of Trog.
             Slain by an orc wizard
             ... wielding a +4 dagger
              (7 damage)
             ... on level 6 of the Dungeon.
             The game lasted 00:06:11 (5193 turns).

Morrissey the Spear-Bearer (Minotaur Berserker)     Turns: 5193, Time: 00:06:13

Health: 0/73       AC:  2    Str: 25    XL:     8   Next: 59%
Magic:  7/7        EV: 13    Int:  4    God:    Trog [***...]
Gold:   332        SH:  0    Dex:  9    Spells: 7/7 levels left

rFire    . . .     SeeInvis .   a - +0 trident
rCold    . . .     Gourm    .   (no shield)
rNeg     . . .     Faith    .   b - +0 animal skin
rPois    .         Spirit   .   (helmet restricted)
rElec    .         Reflect  .   (no cloak)
rCorr    .         Harm     .   (no gloves)
MR       .....                  (no boots)
Stlth    +.........             (no amulet)
HPRegen  0.22/turn              v - ring of flight
MPRegen  0.10/turn              (no ring)

@: berserk cooldown
A: retaliatory headbutt, horns 2
a: Berserk, Trog's Hand, Renounce Religion, Evoke Flight


You were on level 6 of the Dungeon.
You worshipped Trog.
Trog was most pleased with you.
You were not hungry.

You visited 1 branch of the dungeon, and saw 9 of its levels.

You collected 332 gold pieces.

Inventory:

Hand Weapons
 a - a +0 trident (weapon)
Armour
 b - a +0 animal skin (worn)
Jewellery
 v - a ring of flight (left hand)
Wands
 q - a wand of flame (14)
 t - a wand of clouds (7)
 x - a wand of polymorph (12)
Scrolls
 d - 2 scrolls of fear {unknown}
 e - 3 scrolls of immolation
 f - 7 scrolls of identify
 g - 4 scrolls of remove curse {unknown}
 h - 2 scrolls of teleportation {unknown}
 i - 2 scrolls of amnesia {unknown}
 j - a scroll of noise {unknown}
 k - 2 scrolls of enchant weapon {unknown}
 l - a scroll of blinking {unknown}
 m - a scroll of enchant armour {unknown}
 p - a scroll of random uselessness {unknown}
 r - a scroll of fog {unknown}
 s - a scroll of magic mapping {unknown}
Potions
 o - a potion of might {unknown}
 u - a potion of ambrosia {unknown}
 w - a potion of cancellation {unknown}
 z - a potion of degeneration {unknown}
Comestibles
 c - 11 rations


   Skills:
 + Level 7.4 Fighting
 * Level 9.9 Polearms
 - Level 5.8 Armour
 - Level 3.8 Dodging


You had 7 spell levels left.
You didn't know any spells.
Your spell library was empty.

Dungeon Overview and Level Annotations

Branches:
Dungeon (9/15)             Temple (0/1) D:6
   Lair: D:8-11         Orc: D:9-12

Altars:
Fedhas

Shops:
D:5 *


Innate Abilities, Weirdness & Mutations

You reflexively headbutt those who attack you in melee.
You have a pair of horns on your head.


Message History

The ogre hits you with a cursed -2 giant spiked club!
* * * LOW HITPOINT WARNING * * *
Something hits you.
* * * LOW HITPOINT WARNING * * *
The orc barely misses you. You furiously retaliate!
You headbutt the orc, but do no damage. You barely miss the orc.
The orc is moderately wounded.
The ogre closely misses you. Something hits you.
* * * LOW HITPOINT WARNING * * *
Unknown command.
As you read the scroll labeled RUH ZIUQUAGOWK, it crumbles to dust.
It is a scroll of identify.
e - 3 scrolls of immolation An orc wizard appears from thin air!
Reactivating autopickup.
The orc hits you with a +0 mace.
* * * LOW HITPOINT WARNING * * *
The orc wizard hits you with a +4 dagger!
You die...

###.. .. ###########....##
#. ###....##.........####.
##.................##.#. .
##..###...#....##...##..<
..##..##⌠##..#....##...##.#.
.....##...##......##...##.#.
...(##.....##.....)'........
....#⌠..♣.o@o....)##...##...
....##...)O##.....###'###..#
##...##...##..##### #.......
###..##⌠##..########..##.##
##..###..###........##...
..................#.##...
##....#######.#.........⌠.
#.#### ............. ..
####......⌠.>.


You could see an ogre, an orc wizard and an orc.

Vanquished Creatures
  The ghost of ANON1729 the Digger, a novice OpEE (D:6)
  A sky beast (D:7)
  3 scorpions (D:4)
  A wyvern skeleton (D:9)
  A howler monkey (D:6)
  A crimson imp (D:6)
  2 hounds
  A jelly (D:5)
  2 orc priests
  6 orc wizards
  A bullfrog skeleton (D:5)
  Natasha (thrice) (D:2)
  An iguana (D:9)
  5 worker ants
  A hound zombie (D:6)
  9 gnolls (D:4)
  8 adders
  2 shadow imps
  2 oozes
  An adder skeleton (D:4)
  A worm (D:6)
  A dart slug (D:1)
  3 leopard geckos (D:4)
  22 orcs
  4 giant cockroaches
  3 goblins
  A hobgoblin (D:1)
  6 jackals
  3 kobolds
  2 quokkas
  2 ball pythons
  A ball python skeleton (D:4)
  A bat (D:1)
  3 frilled lizards
  3 rats
108 creatures vanquished.

Notes
Turn   | Place    | Note
-------+----------+-------------------------------------------
     0 | D:1      | Morrissey the Minotaur Berserker began the quest for the
                  | Orb.
     0 | D:1      | Reached XP level 1. HP: 19/19 MP: 0/0
   223 | D:1      | Reached XP level 2. HP: 25/27 MP: 1/1
   275 | D:1      | Reached skill level 4 in Polearms
   757 | D:2      | Reached XP level 3. HP: 31/33 MP: 2/2
   798 | D:2      | Noticed Natasha
   804 | D:2      | Killed Natasha
  1181 | D:2      | Noticed Natasha
  1184 | D:2      | Killed Natasha
  1184 | D:2      | Reached XP level 4. HP: 40/40 MP: 3/3
  1529 | D:2      | Noticed Natasha
  1533 | D:2      | Killed Natasha
  2121 | D:4      | Reached skill level 5 in Polearms
  2178 | D:4      | Reached XP level 5. HP: 42/46 MP: 4/4
  2352 | D:4      | Reached ** piety under Trog
  2590 | D:4      | Reached XP level 6. HP: 39/53 MP: 5/5
  2617 | D:4      | Found a blossoming altar of Fedhas.
  2796 | D:4      | Reached skill level 5 in Armour
  3089 | D:4      | Reached skill level 6 in Polearms
  3265 | D:4      | Reached skill level 5 in Fighting
  3291 | D:4      | Reached XP level 7. HP: 55/61 MP: 6/6
  3443 | D:5      | Entered Level 5 of the Dungeon
  3667 | D:5      | Found Wopoegh's General Store.
  4312 | D:6      | Reached skill level 7 in Polearms
  4535 | D:6      | Reached *** piety under Trog
  4608 | D:6      | Found a staircase to the Ecumenical Temple.
  4623 | D:6      | You fall into a shaft and drop 3 floors!
  4686 | D:9      | Reached skill level 8 in Polearms
  4724 | D:8      | Noticed a hornet
  4767 | D:8      | Noticed a two-headed ogre
  4787 | D:7      | Reached XP level 8. HP: 19/71 MP: 7/7
  5117 | D:6      | Found a runed translucent door.
  5121 | D:6      | Noticed ANON1729's ghost (novice OpEE)
  5164 | D:6      | Killed ANON1729's ghost
  5164 | D:6      | Reached skill level 9 in Polearms
  5193 | D:6      | Slain by an orc wizard

Levels and vault maps discovered:
D:1:      psy_arrival_radial02, layout_basic
D:2:      layout_loops_ring, nrook_uturn, grunt_ministairs_4, uniq_natasha
D:3:      layout_basic
D:4:      layout_loops_corners, lemuel_altar_in_water
D:5:      layout_loops_corners, serial_shops, shop, first_ration,
          chequers_hall_statues_wall_a
D:6:      layout_basic, temple_fountains, hellmonk_ghost_happy_afterlife
D:7:      lemuel_ice_spiral_2, layout_basic, nicolae_overflow_crystal_walls,
          uniq_pikel
D:8:      hangedman_cross_stitches, layout_cave_pools, basic_altar,
          blue_anna_alchemist [blue_anna_fruit_fields, blue_anna_fruit_fields],
          uniq_harold, uniq_gastronok
D:9:      layout_basic, orc_0_dummy, minmay_guarded_unrand_finisher, uniq_psyche

Skill      XL: |  1  2  3  4  5  6  7  8 |
---------------+-------------------------+-----
Polearms       | 4 5 6 8 9 |  9.9
Armour         | 3 4 5 |  5.8
Fighting       | 4 5 6 7 |  7.4
Dodging        | 3 |  3.8

Action                   |  1- 3 |  4- 6 |  7- 9 || total
-------------------------+-------+-------+-------++-------
Melee: Spear             |    40 |   100 |       ||   140
       Headbutt          |     5 |    18 |    22 ||    45
       Trident           |       |    28 |   169 ||   197
Invok: Berserk           |     1 |     5 |     4 ||    10
  Use: Potion            |     1 |       |     2 ||     3
       Scroll            |       |       |     1 ||     1
  Eat: Chunk             |     2 |    11 |     8 ||    21
       Ration            |       |       |     1 ||     1
Armor: Animal skin       |     8 |    10 |    13 ||    31
Dodge: Dodged            |     9 |    49 |    74 ||   132

Table legend:
 A = Non-vault XP
 B = Vault XP
 C = Vault XP percentage of total XP
 D = Non-vault monster count
 E = Vault monster count
 F = Vault count percentage of total count
                 A         B        C        D         E       F
            +---------+---------+-------+---------+---------+-------
      Total |    1677 |     569 |  25.3 |     104 |       4 |   3.7
            +---------+---------+-------+---------+---------+-------
        D:1 |      21 |       0 |   0.0 |       9 |       0 |   0.0
        D:2 |      90 |      40 |  30.8 |       9 |       3 |  25.0
        D:3 |      21 |       0 |   0.0 |       5 |       0 |   0.0
        D:4 |     629 |       0 |   0.0 |      40 |       0 |   0.0
        D:5 |     171 |       0 |   0.0 |      12 |       0 |   0.0
        D:6 |     385 |     529 |  57.9 |      19 |       1 |   5.0
        D:7 |     129 |       0 |   0.0 |       1 |       0 |   0.0
        D:9 |     231 |       0 |   0.0 |       9 |       0 |   0.0
            +---------+---------+-------+---------+---------+-------
